 Dungeon Crawl Stone Soup version 0.28-a0-1002-gf00fe891ef (webtiles) character file.

Game seed: 15441981654221478324

102 Umoon the Ruffian (level 4, 0/34 HPs)
             Began as a Demonspawn Gladiator on Dec 6, 2021.
             Slain by a gnoll (6 damage)
             ... on level 3 of the Dungeon.
             The game lasted 00:01:38 (2639 turns).

Umoon the Ruffian (Demonspawn Gladiator)            Turns: 2639, Time: 00:01:39

Health: 0/34       AC:  9    Str: 17    XL:     4   Next: 49%
Magic:  4/4        EV: 12    Int:  9    God:
Gold:   111        SH:  0    Dex: 14    Spells: 3/3 levels left

rFire   . . .      SeeInvis .     - Unarmed
rCold   . . .      Faith    .   (no shield)
rNeg    . . .      Spirit   .   i - +0 ring mail
rPois   .          Reflect  .   b - +0 helmet
rElec   .          Harm     .   (no cloak)
rCorr   .          Rampage  .   (no gloves)
Will    .....                   (no boots)
Stlth   +.........              (no amulet)
HPRegen 0.11/turn               (no ring)
MPRegen 0.09/turn               (no ring)

@: no status effects
A: molten scales 2, powered by death 1
a: no special abilities


You were on level 3 of the Dungeon.
You visited 1 branch of the dungeon, and saw 3 of its levels.

You collected 111 gold pieces.

Inventory:

Missiles
 c - 3 throwing nets (quivered)
Armour
 a - a +0 leather armour
 b - a +0 helmet (worn)
 i - a +0 ring mail (worn)
Jewellery
 h - a ring of protection from fire
Scrolls
 e - a scroll of vulnerability {unknown}
 g - 4 scrolls of identify {unknown}
 k - a scroll of noise {unknown}
Potions
 d - a potion of might {unknown}
 f - a potion of flight {unknown}
 j - 2 potions of degeneration {unknown}
 l - a potion of lignification {unknown}


   Skills:
 + Level 2.9 Fighting
 - Level 1.7 Throwing
 + Level 1.7 Armour
 + Level 3.3 Dodging
 + Level 3.3 Unarmed Combat


You had 3 spell levels left.
You didn't know any spells.
Your spell library was empty.

Dungeon Overview and Level Annotations

Branches:
Dungeon (3/15)

Altars:


Innate Abilities, Weirdness & Mutations

You are mostly covered in molten scales. (AC +3)
You regenerate a little health from kills.


Message History

The gnoll is moderately wounded.
The gnoll hits you but does no damage. The gnoll barely misses you.
You hit the gnoll.
The gnoll is heavily wounded.
The gnoll hits you but does no damage. x2
You hit the gnoll.
The gnoll is severely wounded.
The gnoll barely misses you. x2
You hit the gnoll.
The gnoll is severely wounded.
The gnoll hits you with a +0 spear. x2
You barely miss the gnoll.
The gnoll is severely wounded.
The gnoll hits you with a +0 spear.
You closely miss the gnoll.
The gnoll is severely wounded.
The gnoll hits you but does no damage. The gnoll barely misses you.
You barely miss the gnoll.
The gnoll is severely wounded.
The gnoll barely misses you. The gnoll closely misses you.
You barely miss the gnoll.
The gnoll is severely wounded.
The gnoll hits you with a +0 spear. The gnoll closely misses you.
You hit the gnoll.
You kill the gnoll!
The gnoll hits you but does no damage.
You hit the gnoll but do no damage. The gnoll hits you with a +0 spear.
You barely miss the gnoll. The gnoll hits you but does no damage.
You barely miss the gnoll. The gnoll barely misses you.
You closely miss the gnoll. The gnoll hits you but does no damage.
You closely miss the gnoll. The gnoll hits you with a +0 spear.
* * * LOW HITPOINT WARNING * * *
You hit the gnoll.
The gnoll is heavily wounded.
The gnoll hits you with a +0 spear.
* * * LOW HITPOINT WARNING * * *
The gnoll closely misses you.
There is a stone staircase leading up here.
The gnoll hits you from afar with a +0 spear.
You die...

#.###g.## ####
#.).....# #.###.#.# ###
#.##..#.# #.. #.##.##)#
#.. #.##.##.# #..
###....)g.# #..
#<......### #..
#.####@.# #.. #.####..#
#.. #.##....# ###
#.......# #. #.##.##.#
##
#.......###############
#.##...........(.....#
#.#####[#######.##.#.##
#.......# #.##.....


You could see a gnoll.

Vanquished Creatures
  2 adders (D:2)
  3 gnolls (D:3)
  3 dart slugs (D:1)
  3 endoplasms (D:1)
  3 giant cockroaches
  5 goblins
  4 hobgoblins
  A quokka (D:1)
  8 ball pythons
  3 bats (D:1)
  5 frilled lizards (D:1)
  4 kobolds (D:1)
  5 rats
49 creatures vanquished.

Notes
Turn   | Place    | Note
-------+----------+-------------------------------------------
     0 | D:1      | Umoon the Demonspawn Gladiator began the quest for the Orb.
     0 | D:1      | Reached XP level 1. HP: 16/16 MP: 1/1
   132 | D:1      | Gained mutation: You are partially covered in molten
                  | scales. (AC +2) [demonic ancestry]
   132 | D:1      | Reached XP level 2. HP: 13/22 MP: 2/2
   473 | D:1      | You fall into a shaft and drop 1 floor!
   584 | D:2      | Reached skill level 1 in Armour
   584 | D:2      | Gained mutation: You are mostly covered in molten scales.
                  | (AC +3) [demonic ancestry]
   584 | D:2      | Reached XP level 3. HP: 20/28 MP: 3/3
  1796 | D:2      | Gained mutation: You regenerate a little health from kills.
                  | [demonic ancestry]
  1796 | D:2      | Reached XP level 4. HP: 23/34 MP: 4/4
  2639 | D:3      | Slain by a gnoll

Illustrated notes

Levels and vault maps discovered:
D:1:      dpeg_arrival_chambers_temple_mockup, layout_loops_ring,
          grunt_decor_arrowhead, chequers_serial_rivers_micro_b, minmay_vboxes
D:2:      layout_loops_ring
D:3:      layout_loops_cross, ebering_ecumenical_altar_mist

Skill      XL: |  1  2 |
---------------+-------+-----
Armour         | 1 |  1.7
Dodging        | 3 |  3.3
Unarmed Combat | 3 |  3.3
Fighting       | |  2.9
Throwing       | |  1.7

Action                   |  1- 3 |  4- 6 || total
-------------------------+-------+-------++-------
Melee: Unarmed           |   153 |    45 ||   198
       Punch             |     3 |     2 ||     5
Armor: Leather armour    |    17 |       ||    17
       Ring mail         |    58 |    21 ||    79
Dodge: Dodged            |   128 |    24 ||   152

Table legend: (Time is in decaauts)
 A = Elapsed time spent in this place.
 B = Non-inter-level travel time spent in this place.
 C = Inter-level travel time spent in this place.
 D = Time resting spent in this place.
 E = Time spent auto-exploring this place.
 F = Levels seen in this place.
 G = Mean time per level.
                   A        B        C        D        E       F      G
               +--------+--------+--------+--------+--------+-----+--------+
         Total |   2629 |   2584 |     45 |    383 |   1858 |   3 |  876.3 |
       Dungeon |   2629 |   2584 |     45 |    383 |   1858 |   3 |  876.3 |
               +--------+--------+--------+--------+--------+-----+--------+

Top non-repeatable levels by time:
     D:1: 1334 daAuts
     D:2: 1153 daAuts
     D:3: 142 daAuts
